cohdb
Replays
Latest Replays
All Replays
Popular Replays
Top Player Replays
Match Explorer
How It Works
Community
CoH3 Stats
Reddit
Sign in to upload your games and track your stats! →
Sign in with Steam
Match 43856908
Unlisted
Match 43856908
Overview
Messages
Build Orders
End
Construct Section Command Post
Selects Canadian Shock Battlegroup
Infantry Section
Dingo Light Scout Car
Vickers Machine Gun Team
Selects Attacking Spirit
Selects Canadian Shock Section
Canadian Shock Section
Construct Platoon Command Post
Unlock M3 Stuart Light Tanks
M3 Stuart Light Tank
M3 Stuart Light Tank
Selects Smoke Operation
Selects Incendiary Munitions
Construct Company Command Post
Canadian Shock Section
Smoke Operation
Matilda II Heavy Tank
Infantry Training
Smoke Operation
CMP 15cwt Truck
Serial Chiller
Briouk le glorieux
WW
Ternak Mulyono
Minihumor
Boatshoe
† 穿冰摇裤做冷酷人 †
Dexy
0
0
Comments
sign in to comment!
No comments posted yet!